 Dungeon Crawl Stone Soup version 0.31.0-12-g77e489cdc1 (webtiles) character file.

Game seed: 15154506060294721787

105487 ChadusMaximus the Worldbinder (level 16, -5/122 HPs)
             Began as a Barachi Summoner on Mar 3, 2024.
             Was the Champion of Hepliaklqana.
             Slain by a +2 halberd of venom (20 damage)
             ... on level 1 of the Elven Halls.
             The game lasted 00:57:33 (33808 turns).

ChadusMaximus the Worldbinder (Barachi Summoner)   Turns: 33808, Time: 00:57:43

Health: -5/122     AC:  4    Str: 10    XL:     16   Next: 41%
Magic:  32/32      EV: 24    Int: 33    God:    Hepliaklqana [******]
Gold:   548        SH:  8    Dex: 15    Spells: 8/39 levels left

rFire   + . .        K - +8 falchion "Cieciasu" {flame, rElec Will- Int+3 Dex+3}
rCold   . . .        o - +3 buckler of Honesty {Will+}
rNeg    . . .        k - +0 robe {rF+}
rPois   .            Q - +1 hat {Will+}
rElec   +            F - scarf {+Inv}
rCorr   .            p - +0 pair of gloves
SInv    .            (no boots)
Will    ++...        U - amulet "Ytaagan" {RegenMP rElec}
Stlth   ++           g - +5 ring of evasion
HPRegen 0.40/turn    n - +6 ring of intelligence
MPRegen 0.63/turn

%: no passive effects
@: lethally poisoned (-5 -> -39), slow
A: reduced essence, amphibious, slowness 1, strong legs 2, +LOS
a: Hop, Renounce Religion, Evoke Invisibility, Recall Ancestor, Ancestor
Identity, Transference, Idealise


You were on level 1 of the Elven Halls.
You worshipped Hepliaklqana.
Hepliaklqana was exalted by your worship.
You visited 5 branches of the dungeon, and saw 24 of its levels.
You also visited: Volcano.

You collected 3310 gold pieces.
You spent 2762 gold pieces at shops.

Inventory:

Hand Weapons
 K - the +8 falchion "Cieciasu" (weapon) {flame, rElec Will- Int+3 Dex+3}
   (You found it on level 14 of the Dungeon)

   Int+3:     It affects your intelligence (+3).
   Dex+3:     It affects your dexterity (+3).
   rElec:     It insulates you from electricity.
   Will-:     It decreases your willpower.
Armour
 k - a +0 robe of fire resistance (worn)
 o - the +3 buckler of Honesty (worn) {Will+}
   (You bought it in a shop on level 13 of the Dungeon)

   Will+:     It increases your willpower.
 p - a +0 pair of gloves (worn)
 F - a scarf of invisibility (worn)
 Q - a +1 hat of willpower (worn)
 R - the +18 shield of the Gong {Loud rN+ Will+ rCorr EV-5}
   (You found it on level 4 of the Lair of Beasts)

   Loud:      It is deafeningly noisy when blocking attacks.
   EV-5:      It affects your evasion (-5).
   rN+:       It protects you from negative energy.
   Will+:     It increases your willpower.
   rCorr:     It protects you from acid and corrosion.
 T - +0 fire dragon scales
 V - a +0 kite shield
Jewellery
 g - a +5 ring of evasion (left hand)
 j - a ring of protection from fire
 n - a +6 ring of intelligence (right hand)
 U - the amulet "Ytaagan" (around neck) {RegenMP rElec}
   (You bought it in a shop on level 2 of the Orcish Mines)

   [amulet of magic regeneration]

   RegenMP:   It increases your rate of magic regeneration.
   rElec:     It insulates you from electricity.
 Y - an amulet of guardian spirit
 Z - an amulet of reflection
Wands
 a - a wand of flame (31)
 w - a wand of iceblast (28)
 A - a wand of paralysis (5)
 G - a wand of mindburst (5)
 H - a wand of digging (6)
 I - a wand of quicksilver (17)
Scrolls
 d - a scroll of immolation
 f - 10 scrolls of teleportation
 l - 2 scrolls of noise
 m - a scroll of amnesia
 r - a scroll of silence
 s - 2 scrolls of torment
 u - 2 scrolls of fear
 x - 3 scrolls of revelation
 y - 5 scrolls of poison
 J - 2 scrolls of vulnerability
 L - 2 scrolls of butterflies {unknown}
 M - 2 scrolls of enchant weapon {unknown}
 N - a scroll of fog {unknown}
 P - 2 scrolls of enchant armour {unknown}
 W - 2 scrolls of blinking
Potions
 b - 3 potions of magic
 c - 5 potions of curing {unknown}
 e - 2 potions of attraction {unknown}
 h - 2 potions of heal wounds
 i - 5 potions of brilliance {unknown}
 q - 6 potions of might {unknown}
 t - 6 potions of cancellation
 v - 2 potions of lignification {unknown}
 z - a potion of berserk rage {unknown}
 B - a potion of resistance {unknown}
 C - 6 potions of haste {unknown}
 D - 3 potions of degeneration {unknown}
 E - 3 potions of enlightenment {unknown}
 O - 2 potions of invisibility {unknown}
 S - a potion of ambrosia {unknown}
Miscellaneous
 X - a lightning rod (4/4)


   Skills:
 - Level 15.0 Fighting
 - Level 15.1 Dodging
 - Level 1.7 Stealth
 + Level 5.2 Shields
 * Level 12.2 Spellcasting
 + Level 21.9 Summonings


You had 8 spell levels left.
You knew the following spells:

 Your Spells              Type           Power      Damage    Failure   Level
b - Call Canine Familiar  Summ           100%       N/A       0%          3
c - Call Imp              Summ           100%       N/A       0%          2
d - Summon Lightning Spi  Summ/Air       75%        N/A       1%          4
e - Summon Cactus Giant   Summ           52%        N/A       1%          6
f - Summon Blazeheart Go  Fire/Summ      75%        N/A       1%          4
g - Monstrous Menagerie   Summ           52%        N/A       1%          7
h - Summon Forest         Summ/Tloc      37%        N/A       1%          5

Your spell library contained the following spells:

 Spells                   Type           Power      Damage    Failure   Level
 Summon Small Mammal      Summ           100%       N/A       0%          1
 Summon Ice Beast         Ice/Summ       75%        N/A       1%          3
 Summon Mana Viper        Hex/Summ       75%        N/A       1%          5
 Kiss of Death            Conj/Necr      80%        2d11      3%          1
 Magic Dart               Conj           80%        1d7       3%          1
 Shock                    Conj/Air       80%        1d8       3%          1
 Sting                    Conj/Alch      80%        1d8       3%          1
 Blink                    Tloc           40%        N/A       4%          2
 Mercury Vapours          Alch/Air       40%        N/A       4%          2
 Scorch                   Fire           40%        2d6       4%          2
 Searing Ray              Conj           40%        2d5       4%          2
 Confusing Touch          Hex            20%        N/A       10%         3
 Sigil of Binding         Hex            20%        N/A       10%         3
 Swiftness                Air            20%        N/A       10%         3
 Spellforged Servitor     Conj/Summ      37%        N/A       30%         7
 Airstrike                Air            10%        2d(2-18)  32%         4
 Cause Fear               Hex            10%        N/A       32%         4
 Dimensional Bullseye     Hex/Tloc       10%        N/A       32%         4
 Dispel Undead            Necr           20%        3d11      32%         4
 Flame Wave               Conj/Fire      20%        2d7       32%         4
 Fulminant Prism          Conj/Alch      10%        3d8       32%         4
 Olgreb's Toxic Radiance  Alch           20%        N/A       32%         4
 Alistair's Intoxication  Alch           13%        N/A       65%         5
 Borgnjor's Vile Clutch   Necr/Erth      10%        N/A       65%         5
 Fireball                 Conj/Fire      10%        3d6       65%         5
 Iskenderun's Battlesphe  Conj           20%        2d7       65%         5
 Bombard                  Conj/Erth      10%        9d2       99%         6
 Eringya's Noxious Bog    Alch           10%        4d6       99%         6
 Dragon's Call            Summ           52%        N/A       38%         9
 Chain Lightning          Conj/Air       10%        3d13      100%        9
 Fire Storm               Conj/Fire      10%        8d3       100%        9
 Shatter                  Erth           10%        3d11*     100%        9


Dungeon Overview and Level Annotations

Branches:
Dungeon (15/15)            Temple (1/1) D:5            Lair (5/5) D:11
 Shoals (0/4) Lair:2        Snake (0/4) Lair:2        Slime (0/5) Lair:4
    Orc (2/2) D:9             Elf (1/3) Orc:2        Vaults (0/5) D:14
 Depths (0/4) D:15        Volcano (visited)

Altars:
Ashenzari
Cheibriados
Dithmenos
Elyvilon
Fedhas
Gozag
Hepliaklqana
Kikubaaqudgha
Makhleb
Nemelex Xobeh
Okawaru
Qazlal
Ru
Sif Muna
Trog
Uskayaw
Vehumet
Wu Jian
Xom
Yredelemnul
Zin
The Shining One

Shops:
D:13 ?![   D:14 [=   D:15 *   Orc:1 :   Orc:2 [:*=

Portals:
Abyss: D:6

Annotations:
D:6 2 transporters, ripuliukko's ghost, novice GrEE


Innate Abilities, Weirdness & Mutations

Your life essence is reduced to manifest your ancestor. (-10% HP)
You are amphibious.
You cover ground slowly.
You can hop long distances.
You have an extended range of vision and can be seen from far away.


Message History

Space becomes stable.
A +2 halberd of venom is nearby!
A +2 halberd of venom is nearby!
You swap places.
You swap places.
There is a staircase back to the Mines here.
There is a fountain of clear blue water here.
Casting: Monstrous Menagerie (dangerous; 1% risk of failure)
Confirm with . or Enter, or press ? or * to list all spells.
You don't know that spell.
You swap places.
Your manticore disappears in a puff of smoke!
Your cactus giant misses the +2 halberd of venom.
The +2 halberd of venom hits you from afar!
You are poisoned.
You feel sick.
Your cactus giant disappears in a puff of smoke!
The +2 halberd of venom hits you from afar!!
You are more poisoned.
Tawil hits the +2 halberd of venom with a +0 broad axe of flaming.
There is a staircase back to the Mines, spattered with blood here.
A +2 halberd of venom is nearby!
A +2 halberd of venom is nearby!
A +2 halberd of venom is nearby!
Unknown command.
You feel very sick.
The +2 halberd of venom hits you from afar!
You are more poisoned.
The +2 halberd of venom hits you from afar!!
Tawil hits the +2 halberd of venom with a +0 broad axe of flaming!
You feel extremely sick.
The +2 halberd of venom hits you from afar!
You are lethally poisoned!
* * * LOW HITPOINT WARNING * * *
You feel extremely sick.
The +2 halberd of venom hits you from afar!
* * * LOW HITPOINT WARNING * * *
Tawil barely misses the +2 halberd of venom.
The +2 halberd of venom hits you from afar!!
You die...

## ..#
#############
#.).........#
#..⌠.(#..⌠..#
#...R.#.....#
#..@..#.....+
#....)#.....#
#..⌠..#..⌠..#
#.....).....#
#############
..# ##


You could see the friendly Tawil the knight and a +2 halberd of venom (ally
target).

Vanquished Creatures
  2 death yaks
  An orc high priest (Orc:2)
  A cane toad (Lair:2)
  A rime drake (Lair:4)
  A troll (D:12)
  2 blink frogs
  A slime creature (D:12)
  A yak (D:8)
  2 basilisks
  A fire elemental (Volcano)
  2 water moccasins
  An ogre (Orc:1)
  A centaur (D:7)
  2 bullfrogs
  2 scorpions
  2 killer bees
  A centaur zombie (D:10)
  2 lava snakes (Lair:5)
  An orc priest (Orc:2)
  3 hounds
  A sleepcap (D:6)
  An iguana (D:7)
  5 adders
  2 dart slugs
  7 orcs
  4 ball pythons
  6 endoplasms
  A giant cockroach (D:2)
  2 goblins
  2 hobgoblins
  4 quokkas
  6 bats
  A frilled lizard (D:3)
  2 kobolds
  7 rats
81 creatures vanquished.

Vanquished Creatures (collateral kills)
  Jorgrun (D:13)
  Gastronok (Lair:3)
  Frances (D:14)
  Donald (Orc:2)
  An orc warlord (Orc:2)
  An ironbound preserver (D:14)
  A stone giant (D:15)
  A fire dragon (Lair:5)
  8 hydras
  3 boulder beetles
  7 two-headed ogres
  2 tengu warriors (D:15)
  2 centaur warriors
  6 death yaks
  5 orc high priests (Orc:2)
  2 skysharks
  4 skeletal warriors (D:15)
  2 lindwurms (Lair:5)
  An arcanist (D:15)
  A deep troll (Lair:1)
  2 deep elf archers (Volcano)
  A glowing orange brain (D:14)
  3 harpies (Lair:2)
  A deep elf zephyrmancer (Elf:1)
  4 orc knights (Orc:2)
  11 ugly things
  12 deep elf pyromancers
  A manticore (D:13)
  3 elephants (Lair:5)
  3 kobold blastminers
  3 cyclopes
  A meliai (shapeshifter) (D:13)
  12 black mambas
  2 gargoyles
  4 torpor snails
  2 molten gargoyles (Lair:5)
  A yaktaur (D:15)
  12 cane toads
  2 centaur skeletons (D:10)
  11 rime drakes
  3 unseen horror zombies (D:10)
  An efreet (D:13)
  16 komodo dragons
  An unseen horror skeleton (D:10)
  3 unseen horrors
  A tengu conjurer (D:13)
  4 trolls
  6 polar bears (Lair:2)
  21 blink frogs
  6 dream sheep
  5 slime creatures
  2 wraiths
  4 wyverns
  36 yaks
  6 fire elementals (Volcano)
  2 vampire mosquitoes (D:12)
  5 basilisks
  2 steam dragons
  3 wargs
  3 nagas (Lair:2)
  16 water moccasins
  2 acid dragons (D:10)
  9 hell hounds
  A sky beast (D:4)
  47 orc warriors
  13 black bears
  6 ogres
  5 wolves
  2 centaurs
  10 bullfrogs
  4 kobold brigands
  A nameless horror (D:9)
  A gnoll sergeant (D:12)
  2 scorpions (D:4)
  10 wights
  A water moccasin zombie (D:7)
  A burial acolyte (D:10)
  8 killer bees
  2 electric eels (Lair:1)
  2 howler monkeys (D:11)
  2 bombardier beetles
  4 centaur zombies
  3 lava snakes (Lair:5)
  34 orc priests
  5 hounds
  2 jellies
  A human zombie (D:10)
  2 gnoll boudas
  19 orc wizards
  A killer bee zombie (D:7)
  23 gnolls
  5 adders
  A white imp (D:5)
  A dart slug (D:4)
  2 ribbon worms
  84 orcs
  A bat (D:2)
  2 giant cockroaches
  2 goblins (D:1)
  7 hobgoblins
  3 ball pythons
  2 frilled lizards (D:2)
  5 kobolds
  2 rats
628 creatures vanquished.

Vanquished Creatures (others)
  A steam dragon (Lair:5)
  A gnoll sergeant (D:13)
  21 knights
  A gnoll (D:10)
  6 ancestors
  3 snaplasher vines (Orc:2)
33 creatures vanquished.

Grand Total: 742 creatures vanquished

Notes
Turn   | Place    | Note
-------+----------+-------------------------------------------
     0 | D:1      | ChadusMaximus the Barachi Summoner began the quest for the
                  | Orb.
     0 | D:1      | Reached XP level 1. HP: 13/13 MP: 3/3
    94 | D:1      | Reached skill level 5 in Summonings
   282 | D:1      | Reached XP level 2. HP: 18/19 MP: 1/5
   850 | D:1      | Reached XP level 3. HP: 24/24 MP: 6/6
  1258 | D:1      | Learned a level 3 spell: Call Canine Familiar
  1261 | D:1      | Learned a level 2 spell: Call Imp
  1346 | D:2      | Reached XP level 4. HP: 30/30 MP: 3/8
  1563 | D:2      | Reached skill level 6 in Summonings
  1650 | D:2      | Identified the +5 dagger of Ynog {heavy, rPois SInv}
  2493 | D:3      | Reached XP level 5. HP: 30/35 MP: 3/9
  3119 | D:4      | Noticed a sky beast
  3140 | D:4      | Killed a sky beast
  3141 | D:4      | Reached skill level 7 in Summonings
  3141 | D:4      | Reached XP level 6. HP: 18/41 MP: 3/11
  3745 | D:4      | Reached XP level 7. HP: 43/46 MP: 8/13
  3804 | D:4      | Found a snail-covered altar of Cheibriados.
  4073 | D:4      | Reached skill level 8 in Summonings
  4453 | D:5      | Entered Level 5 of the Dungeon
  4835 | D:5      | Learned a level 4 spell: Summon Lightning Spire
  4934 | D:5      | Reached skill level 5 in Dodging
  5107 | D:5      | Found a staircase to the Ecumenical Temple.
  5143 | Temple   | Entered the Ecumenical Temple
  5196 | Temple   | Became a worshipper of Hepliaklqana the Forgotten
  5548 | D:6      | Found a one-way gate to the infinite horrors of the Abyss.
  5548 | D:6      | Noticed ripuliukko's ghost (novice GrEE)
  5591 | D:6      | Noticed a small abomination
  5592 | D:6      | Found a transporter.
  5634 | D:6      | Reached XP level 8. HP: 48/52 MP: 15/15
  5670 | D:6      | Reached skill level 9 in Summonings
  5768 | D:6      | Reached skill level 5 in Spellcasting
  6070 | D:6      | Noticed a red devil
  6081 | D:6      | Noticed a rust devil
  6092 | D:6      | Found a transporter.
  6558 | D:7      | Reached * piety under Hepliaklqana
  6591 | D:7      | Reached skill level 10 in Summonings
  6761 | D:7      | Reached XP level 9. HP: 51/51 MP: 6/18
  6814 | D:9      | Reached skill level 11 in Summonings
  6985 | D:9      | Noticed a boulder beetle
  7015 | D:9      | Killed a boulder beetle
  7016 | D:9      | Reached skill level 12 in Summonings
  7197 | D:9      | Learned a level 6 spell: Summon Cactus Giant
  7523 | D:9      | Found a sacrificial altar of Ru.
  7622 | D:9      | Found a sparkling altar of Nemelex Xobeh.
  7805 | D:9      | Reached skill level 13 in Summonings
  7809 | D:9      | Reached XP level 10. HP: 35/56 MP: 7/21
  8189 | D:9      | Found a staircase to the Orcish Mines.
  8202 | D:9      | Reached skill level 14 in Summonings
  8775 | D:8      | Reached ** piety under Hepliaklqana
  8776 | D:8      | Remembered your ancestor Tawil as a knight
 10181 | D:8      | Reached skill level 15 in Summonings
 11214 | D:7      | Reached XP level 11. HP: 25/61 MP: 15/24
 11652 | D:10     | Entered Level 10 of the Dungeon
 11676 | D:10     | Reached *** piety under Hepliaklqana
 11906 | D:10     | Found a shimmering blue altar of Sif Muna.
 11969 | D:10     | Noticed a two-headed ogre
 11976 | D:10     | Reached skill level 1 in Fighting
 11977 | D:10     | Killed a two-headed ogre
 12207 | D:10     | Reached skill level 16 in Summonings
 12727 | D:10     | Found an ancient bone altar of Kikubaaqudgha.
 12820 | D:10     | Reached skill level 5 in Fighting
 12979 | D:11     | Noticed a cyclops
 12986 | D:11     | Killed a cyclops
 13061 | D:11     | Noticed a cyan ugly thing
 13080 | D:11     | Killed a cyan ugly thing
 13561 | D:11     | Noticed a brown ugly thing
 13573 | D:11     | Killed a brown ugly thing
 13626 | D:11     | Found a staircase to the Lair.
 13960 | Lair:1   | Entered Level 1 of the Lair of Beasts
 13989 | Lair:1   | Found a gate leading to a gauntlet.
 14067 | Lair:1   | Reached XP level 12. HP: 65/80 MP: 12/25
 14123 | Lair:1   | Reached skill level 17 in Summonings
 14249 | Lair:1   | Reached **** piety under Hepliaklqana
 14727 | Lair:1   | Found a snail-covered altar of Cheibriados.
 16401 | Lair:2   | Reached skill level 10 in Dodging
 16647 | Lair:2   | Noticed an eight-headed hydra
 16654 | Lair:2   | Killed an eight-headed hydra
 16792 | Lair:2   | Reached skill level 18 in Summonings
 16796 | Lair:2   | Gained mutation: You can hop long distances. [Barachi
                  | growth]
 16796 | Lair:2   | Reached XP level 13. HP: 85/91 MP: 9/26
 17021 | Lair:2   | Found a staircase to the Snake Pit.
 17194 | Lair:2   | Found a staircase to the Shoals.
 17201 | Lair:2   | Reached skill level 10 in Fighting
 17674 | Lair:2   | Found a burning altar of Makhleb.
 18478 | Lair:3   | Reached ***** piety under Hepliaklqana
 18486 | Lair:3   | Noticed Gastronok
 18513 | Lair:3   | Killed Gastronok
 19321 | Lair:3   | Reached skill level 19 in Summonings
 20088 | Lair:3   | Reached XP level 14. HP: 103/103 MP: 24/27
 20907 | Lair:4   | Found a staircase to the Slime Pits.
 21076 | Lair:4   | HP: 3/104 [black mamba (16)]
 21413 | Lair:4   | Found the +18 shield of the Gong {Loud rN+ Will+ rCorr
                  | EV-5}
 21915 | Lair:5   | Entered Level 5 of the Lair of Beasts
 21969 | Lair:5   | Learned a level 4 spell: Summon Blazeheart Golem
 22839 | Lair:5   | Reached skill level 20 in Summonings
 23642 | Lair:5   | Found a large runed translucent door.
 23642 | Lair:5   | Found a large runed translucent door.
 24992 | Orc:1    | Entered Level 1 of the Orcish Mines
 25044 | Orc:1    | Found Xuxkez's Book Boutique.
 25048 | Orc:1    | Bought a book of Beasts for 540 gold pieces
 25048 | Orc:1    | Bought a book of the Wilderness for 570 gold pieces
 25058 | Orc:1    | Learned a level 7 spell: Monstrous Menagerie
 25131 | Orc:1    | Reached XP level 15. HP: 69/113 MP: 15/28
 25214 | Orc:1    | Found a dark tunnel.
 25219 | Volcano  | Entered a volcano
 25311 | Volcano  | Learned a level 5 spell: Summon Forest
 26398 | Orc:2    | Entered Level 2 of the Orcish Mines
 26756 | Orc:2    | Noticed an orc warlord
 26932 | Orc:2    | Found a staircase to the Elven Halls.
 27163 | Orc:2    | Killed an orc warlord
 27164 | Orc:2    | Reached skill level 15 in Fighting
 27598 | Orc:2    | Reached skill level 21 in Summonings
 28301 | Orc:2    | Reached ****** piety under Hepliaklqana
 28697 | Orc:2    | Noticed Donald
 28707 | Orc:2    | Killed Donald
 28708 | Orc:2    | Reached skill level 15 in Dodging
 28875 | Orc:2    | Reached skill level 10 in Spellcasting
 29037 | Orc:2    | Found Ebinan's Jewellery Boutique.
 29039 | Orc:2    | Found Dokhaq's Book Boutique.
 29039 | Orc:2    | Found Nirchol's General Store.
 29040 | Orc:2    | Found Lyhyof's Armour Boutique.
 29050 | Orc:2    | Bought the amulet "Ytaagan" {RegenMP rElec} for 528 gold
                  | pieces
 29343 | D:12     | Reached skill level 1 in Shields
 30068 | D:13     | You fall into a shaft and drop 1 floor!
 30235 | D:13     | Found Luzaken's Distillery.
 30650 | D:13     | Noticed Jorgrun
 30667 | D:13     | Killed Jorgrun
 30858 | D:13     | Found Issoxturgh's Antique Armour Shoppe.
 30893 | D:13     | Bought a polished buckler for 304 gold pieces
 30893 | D:13     | Identified the +3 buckler of Honesty {Will+} (You bought it
                  | in a shop on level 13 of the Dungeon)
 30983 | D:13     | Found Kutaecs's Magic Scroll Emporium.
 30992 | D:13     | Bought a scroll of blinking for 97 gold pieces
 30992 | D:13     | Bought a scroll of teleportation for 39 gold pieces
 30993 | D:13     | Identified a scroll of acquirement
 30995 | D:13     | Acquired 981 gold pieces
 31229 | D:14     | Found Tawump Jinin's Armour Emporium.
 31402 | D:14     | Found Saliliro's Distillery.
 31507 | D:14     | Reached XP level 16. HP: 95/122 MP: 26/31
 31638 | D:14     | Found a gate to the Vaults.
 31826 | D:14     | Noticed Frances
 31855 | D:14     | Killed Frances
 32039 | D:14     | Identified the +8 falchion "Cieciasu" {flame, rElec Will-
                  | Int+3 Dex+3}
 32250 | D:14     | Found Heij's Jewellery Shoppe.
 32280 | D:14     | Bought a +6 ring of intelligence for 684 gold pieces
 32436 | D:15     | Entered Level 15 of the Dungeon
 32494 | D:15     | Identified the +10 hand axe "Egoed" {venom, rPois}
 32716 | D:15     | Identified the +6 chain mail of Thoughtfulness {Str+2}
 33395 | D:15     | Reached skill level 5 in Shields
 33502 | D:15     | Found a staircase to the Depths.
 33577 | D:15     | Found Quipo's CLEARANCE SALE!.
 33774 | Elf:1    | Entered Level 1 of the Elven Halls
 33808 | Elf:1    | Slain by a +2 halberd of venom

Illustrated notes

Levels and vault maps discovered:
D:1:      dpeg_arrival_boxes_within_box, layout_loops_corners
D:2:      layout_loops_ring, minmay_ruptured
D:3:      layout_rooms
D:4:      layout_loops_ring, lemuel_crystal_altar, serial_glass,
          glass_columns_a, glass_columns_b, minmay_misc_feat_doors,
          kennysheep_small_square
D:5:      layout_loops_ring, minmay_temple_entry_ruins, columned_hall_lemuel
D:6:      layout_loops_ring, gammafunk_ghost_abyssal_escape
D:7:      layout_cave_pods, serial_undead, serial_undead_e, serial_undead_e,
          serial_undead_b, serial_undead_e
D:8:      lemuel_ice_spiral_2, layout_basic, minmay_misc_feat_diagonals,
          serial_library_hellmonk_semicircle
D:9:      layout_layer_cave, mainiacjoe_overflow_tiny_flanked,
          marbit_many_paths, kennysheep_orc_monster_closet_entryway
D:10:     layout_cave_pools, mainiacjoe_overflow_brackets,
          lemuel_mausoleum_altar_kikubaaqudgha
D:11:     layout_cave_pools, lair_entry_dummy
D:12:     layout_roguey
D:13:     layout_roguey, serial_shops, shop, shop, shop, uniq_jorgrun
D:14:     layout_roguey, hellmonk_vaults_order_and_chaos, serial_shops, shop,
          nicolae_shop_industrial_runoff, shop, dreamdust_princess_corridor,
          uniq_frances
D:15:     grunt_enter_depths_snipers, layout_basic, nicolae_shop_clearance
Temple:   minmay_crystal_spiral_temple
Lair:1:   dreamdust_cave_troll, layout_regular_city, gauntlet_entry_generic,
          chequers_serial_rivers_micro_a, serial_bayou_lagoon_a,
          kennysheep_snail_temple, grunt_megastairs_5,
          infiniplex_staircase_pool, lemuel_fruit_fields
Lair:2:   beast_lair_carwin_large_4, layout_cellular_growth,
          nicolae_shoals_entry_roost, minmay_snake_entry_guardpost_small,
          basic_altar, chequers_serial_rivers_micro_a,
          dreamdust_mushroom_princess
Lair:3:   nzn_winding_woodlands_three_and_one [nzn_winding_woodlands_5x15_twine,
          nzn_winding_woodlands_5x15_crooked, nzn_winding_woodlands_5x15_eye,
          nzn_winding_woodlands_center_triple_pond], layout_long_grid,
          uniq_gastronok
Lair:4:   layout_cave_pods, slime_entry_1
Lair:5:   cheibrodos_lair_end_hotspot, layout_hall_layers,
          chequers_serial_rivers_small_b, serial_bayou_shore_b
Orc:1:    layout_caves, enter_volcano_4, serial_shops,
          nicolae_shop_real_fake_doors
Orc:2:    st_orc_pillars, layout_caves, uniq_donald
Elf:1:    nicolae_elf_arrival_fired_up, layout_geoelf_diagonals,
          nicolae_elf_shapeshifter_party, minmay_shop_grid_forest, drop_trap,
          st_stairs_4, feat_on_display, grunt_megastairs_4

Skill      XL: |  1  2  3  4  5  6  7  8  9 10 11 12 13 14 15 16 |
---------------+-------------------------------------------------+-----
Summonings     | 5 6 7 8 10 13 15 16 18 19 20 21 | 21.9
Dodging        | 3 4 5 8 10 12 14 15 | 15.1
Spellcasting   | 3 4 6 7 9 11 12 | 12.2
Fighting       | 6 9 12 14 15 | 15.0
Shields        | 3 5 |  5.2
Stealth        | |  1.7

Action                     |  1- 3 |  4- 6 |  7- 9 | 10-12 | 13-15 | 16-18 || total
---------------------------+-------+-------+-------+-------+-------+-------++-------
  Melee: Dagger            |    82 |   135 |    58 |       |       |       ||   275
         Unarmed           |     3 |       |       |       |       |       ||     3
         Punch             |       |     2 |     3 |     1 |     2 |       ||     8
         Broad axe         |       |       |    87 |    32 |       |       ||   119
         Falchion          |       |       |       |    76 |   201 |     6 ||   283
   Cast: Summon Small Mamm |    42 |    18 |    10 |     6 |    17 |     1 ||    94
         Call Imp          |     1 |    17 |    21 |    21 |    34 |       ||    94
         Call Canine Famil |     1 |    15 |    24 |    38 |    56 |       ||   134
         Summon Lightning  |       |       |    15 |    39 |    93 |    13 ||   160
         Summon Cactus Gia |       |       |     2 |    39 |    80 |    17 ||   138
         Summon Blazeheart |       |       |       |       |     4 |       ||     4
         Summon Forest     |       |       |       |       |    15 |     5 ||    20
         Monstrous Menager |       |       |       |       |    12 |     8 ||    20
 Invoke: Ancestor Life: Kn |       |       |       |     1 |       |       ||     1
         Recall Ancestor   |       |       |       |       |     1 |       ||     1
Ability: Hop               |     1 |       |       |     4 |     4 |       ||     9
    Use: Scroll            |       |       |     1 |     8 |     5 |     2 ||    16
         Potion            |       |       |       |       |     1 |       ||     1
   Stab: Sleeping          |     5 |       |     2 |     1 |       |       ||     8
         Distracted        |       |     1 |     5 |       |     2 |       ||     8
 Armour: Robe              |    56 |    78 |    97 |   161 |   172 |    28 ||   592
  Dodge: Dodged            |    78 |   132 |   253 |   369 |   448 |    23 ||  1303
  Block: Kite shield       |       |       |       |       |    17 |       ||    17
         Buckler           |       |       |       |       |     4 |     9 ||    13
